 Dungeon Crawl Stone Soup version 0.20-a0-1006-ge6c5631 (webtiles) character file.

15530 Rrauwl the Carver (level 12, -11/107 HPs)
             Began as a Purple Draconian Monk on Apr 13, 2017.
             Was a High Priest of Makhleb.
             Hit by a large rock thrown by a cyclops (14 damage)
             ... on level 11 of the Dungeon.
             The game lasted 00:58:41 (11507 turns).

Rrauwl the Carver (Purple Draconian Monk)          Turns: 11507, Time: 00:58:42

Health: -11/107    AC: 10    Str: 26    XL:     12   Next: 2%
Magic:  18/18      EV: 16    Int: 15    God:    Makhleb [*****.]
Gold:   507        SH:  0    Dex: 22    Spells: 14/18 levels left

rFire    + . .     SeeInvis .   a - +3 falchion of the Reaper {slice, +Blink rF+ Int+4 Dex+4}
rCold    + + .     Gourm    .   (no shield)
rNeg     . . .     Faith    +   (armour unavailable)
rPois    .         Spirit   .   (helmet restricted)
rElec    .         Reflect  .   L - scarf {rC+}
rCorr    .         Harm     .   (no gloves)
MR       +....                  D - +1 pair of boots
Stlth    +++.......             F - amulet of faith
Regen    0.3/turn               k - ring of protection from cold
MPRegen  0.2/turn               z - +5 ring of strength

@: mighty
A: breathe power, unfitting armour, talons 1, agile 1, cold-blooded, AC +8
a: Breathe Dispelling Energy, Minor Destruction, Lesser Servant of Makhleb,
Major Destruction, Greater Servant of Makhleb, Renounce Religion, Evoke Blink


You were on level 11 of the Dungeon.
You worshipped Makhleb.
Makhleb was extremely pleased with you.
You were not hungry.

You visited 2 branches of the dungeon, and saw 12 of its levels.
You also visited: Sewer.

You collected 507 gold pieces.

Inventory:

Hand Weapons
 a - the +3 falchion of the Reaper (weapon) {slice, +Blink rF+ Int+4 Dex+4}
   (You found it on level 7 of the Dungeon)

   It inflicts extra damage upon your enemies.
   It affects your intelligence (+4).
   It affects your dexterity (+4).
   It protects you from fire.
   It lets you blink.
 b - the +6 hunting sling of Mastery {flame, Int+2}
   (You found it on level 10 of the Dungeon)

   It causes projectiles fired from it to burn those they strike, causing extra
   injury to most foes and up to half again as much damage against particularly
   susceptible opponents.
   It affects your intelligence (+2).
 s - a +0 dire flail of draining
Missiles
 f - 107 sling bullets
Armour
 D - a +1 pair of boots (worn)
 L - a scarf of cold resistance (worn)
Jewellery
 i - an uncursed ring of resist corrosion
 k - a ring of protection from cold (left hand)
 n - an uncursed ring of stealth
 o - an uncursed ring of protection from cold
 z - a +5 ring of strength (right hand)
 F - an amulet of faith (around neck)
Wands
 j - a wand of digging (13/24)
 p - a wand of clouds (4/9)
 q - a wand of paralysis (22/24)
 G - a wand of disintegration (2/24)
 I - a wand of confusion (40/48)
Scrolls
 c - 10 scrolls of identify
 d - 3 scrolls of amnesia
 g - 5 scrolls of teleportation
 m - 4 scrolls of fog
 r - 2 scrolls of magic mapping
 y - a scroll of recharging
 B - 2 scrolls of enchant armour
 H - a scroll of enchant weapon
Potions
 e - a potion of haste
 l - 3 potions of curing
 w - a potion of brilliance
 x - a potion of might
Books
 E - a book of Flames

   Spells                             Type                      Level
   a - Flame Tongue                   Conjuration/Fire             1
   b - Throw Flame                    Conjuration/Fire             2
   c - Conjure Flame                  Conjuration/Fire             3
   d - Inner Flame                    Hexes/Fire                   3
   e - Sticky Flame                   Conjuration/Fire             4
   f - Fireball                       Conjuration/Fire             5
Comestibles
 h - 4 royal jellies
 A - 13 bread rations
 J - 2 meat rations


   Skills:
 + Level 10.4 Fighting
 + Level 11.0 Long Blades
 - Level 6.2 Maces & Flails
 + Level 0.6 Slings
 - Level 5.1 Dodging
 - Level 4.0 Stealth
 - Level 0.2 Unarmed Combat
 + Level 3.6 Spellcasting
 + Level 3.6 Conjurations
 + Level 3.9 Fire Magic
 + Level 8.0 Invocations
 - Level 7.0 Evocations


You had 14 spell levels left.
You knew the following spells:

 Your Spells              Type           Power        Failure   Level  Hunger
a - Sticky Flame          Conj/Fire      ##......     41%         4    ####...


Dungeon Overview and Level Annotations

Branches:
Dungeon (11/15)            Temple (1/1) D:4            Lair (0/6) D:8
    Orc (0/2) D:10

Altars:
Ashenzari
Cheibriados
Dithmenos
Elyvilon
Fedhas
Gozag
Hepliaklqana
Kikubaaqudgha
Makhleb
Nemelex Xobeh
Okawaru
Qazlal
Ru
Sif Muna
Trog
Uskayaw
Vehumet
Wu Jian
Xom
Yredelemnul
Zin
The Shining One

Shops:
D:6 :   D:11 :

Annotations:
D:11 Harold, Snorg


Innate Abilities, Weirdness & Mutations

You can breathe bolts of dispelling energy.
Your rich purple scales are hard. (AC +8)
You cannot fit into any form of body armour.
You are cold-blooded and may be slowed by cold attacks.
You have sharp toenails.
You are agile. (Dex +2)


Message History

The cyclops throws a large rock.
The large rock hits you!!
You see here 2 large rocks.
The cyclops throws a large rock.
The large rock hits you!
* * * LOW HITPOINT WARNING * * *
There is an open door here.
You see here a large rock.
You start resting.
The cyclops hits you!!
* * * LOW HITPOINT WARNING * * *
Okay, then.
As you read the scroll of fear, it crumbles to dust.
You assume a fearsome visage.
The cyclops looks frightened!
You slash the cyclops!
Your attack snaps the cyclops out of its fear.
The cyclops is moderately wounded.
The cyclops hits you.
* * * LOW HITPOINT WARNING * * *
You feel very mighty all of a sudden.
The cyclops throws a large rock.
The large rock hits you!
You die...

## #......# #......#
# ###'#### #. #)##
####'## #..## .......
##..# .......###
####)## C......'.##
#.....#
.......#†<#####.@...#
.......##..(((C.....#
....... #######.....#
...C... #.....#
....... #.....#
....... #.....#
'###### ###'### ##.#
##..#


You could see a cyclops.

Vanquished Creatures
  Josephine (D:11)
  An unseen horror (D:10)
  An ugly thing (D:10)
  Maurice (D:9)
  Psyche (D:10)
  The ghost of cirnu the Chopper, a novice VSFi (D:6)
  A gargoyle (D:11)
  A troll (D:9)
  Prince Ribbit (D:7)
  A vampire (D:11)
  5 wraiths (D:11)
  10 yaks (D:11)
  2 humans (D:9)
  Grum (D:11)
  A hungry ghost (D:8)
  Menkaure (D:7)
  Edmund (D:6)
  A water moccasin (D:10)
  2 orc warriors
  A sky beast (D:11)
  3 ice beasts
  An eye of draining (D:10)
  3 black bears
  A necrophage (D:11)
  3 phantoms
  5 wolves
  4 centaurs
  3 ogres
  A big kobold (D:10)
  11 bullfrogs
  2 gnoll sergeants (D:7)
  3 scorpions
  6 killer bees (D:10)
  3 wights (D:7)
  3 electric eels (D:8)
  5 crimson imps
  A bullfrog zombie (D:8)
  A quasit (D:3)
  2 jellies
  2 orc priests
  A bullfrog skeleton (D:5)
  9 hounds
  9 orc wizards
  An iguana (D:8)
  5 worker ants
  A hound zombie (D:6)
  2 hound skeletons
  A worker ant zombie (D:5)
  7 gnolls (D:7)
  7 river rats
  23 adders
  3 shadow imps (D:10)
  An ooze (D:2)
  3 adder skeletons
  8 worms
  2 dart slugs (D:1)
  3 leopard geckos
  44 orcs
  8 bats
  6 giant cockroaches
  6 goblins
  7 hobgoblins
  8 jackals
  5 quokkas
  10 ball pythons
  10 frilled lizards
  A jackal skeleton (D:3)
  14 kobolds
  31 rats
334 creatures vanquished.

Vanquished Creatures (collateral kills)
  An orc wizard (D:6)
1 creature vanquished.

Grand Total: 335 creatures vanquished

Notes
Turn   | Place    | Note
-------+----------+-------------------------------------------
     0 | D:1      | Rrauwl the Draconian Monk began the quest for the Orb.
     0 | D:1      | Reached XP level 1. HP: 22/22 MP: 1/1
    77 | D:1      | Reached XP level 2. HP: 27/28 MP: 2/2
   705 | D:1      | Reached XP level 3. HP: 34/35 MP: 3/3
  1239 | D:2      | Found an ancient bone altar of Kikubaaqudgha.
  1518 | D:3      | Reached skill level 1 in Maces & Flails
  1540 | D:3      | Reached XP level 4. HP: 39/41 MP: 4/4
  1580 | D:3      | Reached skill level 5 in Fighting
  1689 | D:3      | Reached XP level 5. HP: 14/48 MP: 5/5
  2771 | D:4      | Found a snail-covered altar of Cheibriados.
  2795 | D:4      | Found a staircase to the Ecumenical Temple.
  2804 | Temple   | Entered the Ecumenical Temple
  3006 | Temple   | Became a worshipper of Makhleb the Destroyer
  3006 | Temple   | Reached * piety under Makhleb
  3006 | Temple   | Reached ** piety under Makhleb
  3059 | D:4      | Found a sparkling altar of Nemelex Xobeh.
  3107 | D:4      | Gained mutation: You have sharp toenails. [potion of mutation]
  3107 | D:4      | Gained mutation: Your magical capacity is low. (-10% MP) [potion of mutation]
  3107 | D:4      | Gained mutation: You are agile. (Dex +2) [potion of mutation]
  3107 | D:4      | Lost mutation: Your magical capacity is low. (-10% MP) [potion of mutation]
  3331 | D:4      | Found a stormy altar of Qazlal.
  3346 | D:4      | Reached XP level 6. HP: 51/57 MP: 6/6
  3666 | D:4      | Reached skill level 5 in Dodging
  3711 | D:4      | Found a hide-covered altar of Uskayaw.
  3848 | D:5      | Entered Level 5 of the Dungeon
  4091 | D:5      | Noticed an ice beast
  4233 | D:5      | Killed an ice beast
  4233 | D:5      | Reached skill level 1 in Invocations
  4233 | D:5      | Reached skill level 1 in Evocations
  4233 | D:5      | Your scales start taking on a rich purple colour.
  4233 | D:5      | Reached XP level 7. HP: 64/64 MP: 6/8
  4251 | D:5      | Found a shimmering altar of Xom.
  4251 | D:5      | Found a shimmering altar of Xom.
  4251 | D:5      | Found a shimmering altar of Xom.
  4252 | D:5      | Found a shimmering altar of Xom.
  4253 | D:5      | Found a shimmering altar of Xom.
  4862 | D:5      | Reached *** piety under Makhleb
  5114 | D:6      | Reached XP level 8. HP: 65/73 MP: 10/10
  5258 | D:6      | Noticed Edmund
  5289 | D:6      | Killed Edmund
  5351 | D:6      | Noticed cirnu's ghost (novice VSFi)
  5387 | D:6      | Killed cirnu's ghost
  5387 | D:6      | Reached skill level 5 in Maces & Flails
  5422 | D:6      | Found Urphacall's Book Boutique.
  5596 | D:6      | Found a glowing drain.
  5600 | Sewer    | Entered a sewer
  5741 | Sewer    | Reached **** piety under Makhleb
  6281 | D:6      | You fall through a shaft!
  6328 | D:7      | Reached skill level 5 in Evocations
  6328 | D:7      | Reached XP level 9. HP: 57/81 MP: 12/12
  6338 | D:7      | Noticed Prince Ribbit
  6447 | D:7      | Killed Prince Ribbit
  6447 | D:7      | Reached skill level 5 in Invocations
  6696 | D:7      | Got an iridescent falchion
  6697 | D:7      | Identified the cursed +3 falchion of the Reaper {slice, +Blink rF+ Int+4 Dex+4} (You found it on level 7 of the Dungeon)
  6701 | D:7      | Noticed Menkaure
  6709 | D:7      | Killed Menkaure
  6865 | D:7      | Reached skill level 1 in Long Blades
  7470 | D:8      | Found a glowing golden altar of the Shining One.
  7487 | D:8      | Reached skill level 2 in Long Blades
  7552 | D:8      | Found a staircase to the Lair.
  8016 | D:8      | Noticed a troll
  8113 | D:8      | Reached skill level 3 in Long Blades
  8375 | D:8      | Found an opulent altar of Gozag.
  8531 | D:8      | Reached skill level 10 in Long Blades
  8531 | D:8      | Reached XP level 10. HP: 91/91 MP: 15/15
  8779 | D:8      | Learned a level 4 spell: Sticky Flame
  8860 | D:8      | Reached XP level 11. HP: 97/97 MP: 16/16
  8994 | D:9      | Noticed Maurice
  9010 | D:9      | Killed Maurice
  9146 | D:9      | Reached skill level 1 in Fire Magic
  9156 | D:9      | Reached skill level 1 in Conjurations
  9158 | D:9      | Found a radiant altar of Vehumet.
  9273 | D:9      | Reached skill level 1 in Spellcasting
  9328 | D:9      | Reached ***** piety under Makhleb
  9499 | D:9      | Found an iron altar of Okawaru.
  9641 | D:10     | Entered Level 10 of the Dungeon
  9685 | D:10     | Noticed a white ugly thing
  9700 | D:10     | Killed a white ugly thing
  9914 | D:10     | Got a fine hunting sling
 10079 | D:10     | Noticed Psyche
 10088 | D:10     | Killed an unseen horror
 10092 | D:10     | Killed Psyche
 10218 | D:10     | Found a staircase to the Orcish Mines.
 10300 | D:11     | Noticed a seven-headed hydra
 10315 | D:11     | Noticed Josephine
 10321 | D:11     | Killed Josephine
 10339 | D:11     | Reached skill level 10 in Fighting
 10717 | D:11     | Identified the +6 hunting sling of Mastery {flame, Int+2} (You found it on level 10 of the Dungeon)
 10718 | D:11     | Noticed Snorg
 10750 | D:11     | Found Huut's Book Boutique.
 11173 | D:11     | Noticed Harold
 11173 | D:11     | Noticed Grum
 11185 | D:11     | Killed Grum
 11185 | D:11     | Reached skill level 11 in Long Blades
 11199 | D:11     | Reached XP level 12. HP: 75/107 MP: 18/18
 11503 | D:11     | HP: 5/107 [cyclops (24)]
 11507 | D:11     | Hit by a large rock thrown by a cyclops

Vault maps used:
D:1:      dpeg_arrival_lava_altar, minmay_box_of_dots
D:2:      kiku_gazebo_garden_becter, minmay_pentomino_x4
D:3:      first_bread, hex_intersection
D:4:      lemuel_crystal_altar, nemelex_altar_shiori,
          nicolae_overflow_crystal_walls, lemuel_coloured_pillars_altar,
          minmay_temple_entry_overgrown
D:5:      xom_redecorated
D:6:      serial_shops, shop, lightli_sewer_entry_pipes, uniq_edmund
D:7:      uniq_menkaure, uniq_prince_ribbit1
D:8:      lemuel_doored_altar, tso_altar, erik_lair_island
D:9:      okawaru_humans, vehumet_crystals, uniq_maurice
D:10:     orc_0_dummy, uniq_psyche
D:11:     serial_shops, shop, shop, nicolae_shop_stone,
          nicolae_shop_statue_plus, uniq_harold, uniq_grum, uniq_snorg,
          uniq_josephine
Temple:   minmay_temple_bridge_abc
Sewer:    sewer_minmay_w

Skill      XL: |  1  2  3  4  5  6  7  8  9 10 11 |
---------------+----------------------------------+-----
Stealth        | 4 |  4.0
Dodging        | 4 5 |  5.1
Maces & Flails | 1 2 3 4 5 6 |  6.2
Fighting       | 5 6 7 8 9 10 | 10.4
Invocations    | 1 2 4 6 8 |  8.0
Evocations     | 1 3 5 6 7 |  7.0
Long Blades    | 10 11 | 11.0
Fire Magic     | 3 |  3.9
Conjurations   | 3 |  3.6
Spellcasting   | 3 |  3.6
Slings         | |  0.6
Unarmed Combat | |  0.2

Action                   |  1- 3 |  4- 6 |  7- 9 | 10-12 || total
-------------------------+-------+-------+-------+-------++-------
Melee: Unarmed           |    21 |       |       |       ||    21
       Tailslap          |    21 |    40 |    95 |   110 ||   266
       Whip              |   141 |   378 |   192 |       ||   711
       Kick              |       |    54 |   150 |       ||   204
       Dire flail        |       |       |   213 |       ||   213
       Falchion          |       |       |   112 |   390 ||   502
 Fire: Hunting sling     |       |       |       |    23 ||    23
Invok: Lesser Servant of |       |       |     1 |       ||     1
Evoke: Wand              |       |     1 |     1 |     8 ||    10
  Use: Potion            |       |     7 |    13 |     9 ||    29
       Scroll            |       |     8 |     9 |     6 ||    23
 Stab: Sleeping          |    11 |     4 |    11 |    11 ||    37
       Distracted        |       |     1 |       |     1 ||     2
  Eat: Chunk             |     2 |     5 |    14 |    10 ||    31
       Meat ration       |       |     1 |       |       ||     1
       Fruit             |       |       |       |     2 ||     2
Armor: Skin              |    52 |   122 |   134 |    94 ||   402
Dodge: Dodged            |   136 |   237 |   336 |   227 ||   936
       Rpst.: Falchion   |       |       |    32 |    69 ||   101
